[ AOE2 MATCH · #505716958 ]
UnrankedTurks vs Khmer
Player's team · WIN
Rival team · LOSS
[ REPLAY ANALYSIS · EXTRACTED FROM THE RECORDED GAME ]
Feudal
8:53
Castle
21:50
Imperial
—
| APM avg | 46.5 |
| APM peak | 84 |
| eAPM avg | 19.5 |
| Villagers / military | 58 / 58 |
Focus
⚔️ 38.2% · 🌾 61.8%
Archer ×26 · Janissary ×21 · Spearman ×7 · Militia ×4
Feudal
10:38
Castle
14:39
Imperial
—
| APM avg | 37.2 |
| APM peak | 101 |
| eAPM avg | 20.1 |
| Villagers / military | 62 / 26 |
Focus
⚔️ 31.9% · 🌾 68.1%
Knight ×10 · Scorpion ×8 · Monk ×4 · Mangonel ×3 · Scout Cavalry ×1
Match map
Initial resources + every placement click. Lines = walls · curves = elevation contours. ◆ gold · ⬟ stone · ● berries · ✦ relic · ◌ wall gap
Your base· Open — unwalled flank
gummi [Coleman]'s base· Open — 12t gap
Smoothed initial terrain · ◌ = detected wall gap · hover for details
Inputs per minute
— _DaViCy_ - - gummi [Coleman]
Build order — _DaViCy_
First 150 of 205 actions detected
| 0:00 | Queue | Villager (Male) |
| 0:01 | Build | House |
| 0:02 | Build | House |
| 0:03 | Queue | Villager (Male) |
| 0:03 | Queue | Villager (Male) |
| 0:11 | Queue | Villager (Male) |
| 0:11 | Queue | Villager (Male) |
| 1:25 | Queue | Villager (Male) |
| 1:25 | Queue | Villager (Male) |
| 1:47 | Build | Lumber Camp |
| 1:57 | Queue | Villager (Male) |
| 2:13 | Queue | Villager (Male) |
| 2:14 | Queue | Villager (Male) |
| 2:43 | Queue | Villager (Male) |
| 2:43 | Queue | Villager (Male) |
| 3:04 | Queue | Villager (Male) |
| 3:33 | Queue | Villager (Male) |
| 3:48 | Build | House |
| 4:05 | Queue | Villager (Male) |
| 4:27 | Queue | Villager (Male) |
| 4:29 | Queue | Villager (Male) |
| 4:29 | Queue | Villager (Male) |
| 4:59 | Build | Barracks |
| 5:42 | Queue | Villager (Male) |
| 5:51 | Build | House |
| 6:03 | Research | Loom |
| 6:24 | Build | House |
| 6:43 | Research | Feudal Age |
| 7:01 | Queue | Militia |
| 7:01 | Queue | Militia |
| 7:04 | Build | Mining Camp |
| 7:46 | Queue | Militia |
| 7:57 | Build | Mill |
| 8:10 | Queue | Militia |
| 8:40 | Queue | Villager (Male) |
| 8:53 | Age | Feudal Age |
| 9:00 | Research | Man-at-Arms (upgrade) |
| 9:00 | Research | Man-at-Arms (upgrade) |
| 9:13 | Build | Archery Range |
| 9:20 | Queue | Villager (Male) |
| 9:20 | Queue | Villager (Male) |
| 9:48 | Queue | Villager (Male) |
| 9:48 | Queue | Villager (Male) |
| 9:50 | Build | Farm |
| 10:06 | Queue | Archer |
| 10:12 | Build | Farm |
| 10:16 | Queue | Villager (Male) |
| 10:25 | Build | House |
| 10:28 | Queue | Archer |
| 10:34 | Queue | Villager (Male) |
| 11:00 | Build | Farm |
| 11:03 | Queue | Archer |
| 11:04 | Queue | Villager (Male) |
| 11:10 | Build | House |
| 11:26 | Build | Farm |
| 11:41 | Queue | Villager (Male) |
| 11:42 | Queue | Archer |
| 11:46 | Build | Farm |
| 11:56 | Queue | Villager (Male) |
| 12:15 | Queue | Archer |
| 12:27 | Queue | Villager (Male) |
| 12:29 | Queue | Archer |
| 12:30 | Build | Farm |
| 12:31 | Build | Farm |
| 12:47 | Queue | Villager (Male) |
| 12:49 | Build | Farm |
| 12:58 | Queue | Villager (Male) |
| 12:59 | Queue | Archer |
| 13:33 | Build | Watch Tower |
| 13:36 | Queue | Villager (Male) |
| 13:46 | Queue | Archer |
| 13:48 | Build | Farm |
| 13:49 | Build | House |
| 13:52 | Research | Town Watch |
| 14:20 | Queue | Villager (Male) |
| 14:22 | Queue | Archer |
| 14:23 | Queue | Villager (Male) |
| 14:26 | Build | House |
| 14:42 | Build | Farm |
| 15:17 | Build | House |
| 15:17 | Queue | Villager (Male) |
| 15:18 | Queue | Archer |
| 15:20 | Build | Farm |
| 15:20 | Build | Farm |
| 15:45 | Build | House |
| 15:52 | Queue | Villager (Male) |
| 15:53 | Build | Farm |
| 15:54 | Queue | Archer |
| 16:11 | Queue | Villager (Male) |
| 16:17 | Queue | Archer |
| 16:37 | Build | House |
| 16:48 | Queue | Villager (Male) |
| 16:58 | Queue | Villager (Male) |
| 16:59 | Build | Mining Camp |
| 17:46 | Build | Mining Camp |
| 17:55 | Queue | Villager (Male) |
| 17:55 | Queue | Villager (Male) |
| 18:32 | Queue | Villager (Male) |
| 18:42 | Build | Blacksmith |
| 18:56 | Queue | Spearman |
| 19:04 | Research | Castle Age |
| 19:21 | Queue | Archer |
| 19:22 | Research | Fletching |
| 19:22 | Research | Fletching |
| 19:32 | Build | Watch Tower |
| 19:42 | Queue | Archer |
| 19:44 | Queue | Spearman |
| 20:10 | Build | House |
| 20:19 | Build | House |
| 20:20 | Build | Palisade Wall |
| 20:24 | Queue | Archer |
| 20:25 | Queue | Spearman |
| 20:25 | Queue | Spearman |
| 20:33 | Build | Palisade Wall |
| 20:40 | Queue | Villager (Male) |
| 20:52 | Queue | Spearman |
| 20:53 | Queue | Archer |
| 21:19 | Build | Watch Tower |
| 21:22 | Queue | Spearman |
| 21:27 | Queue | Villager (Male) |
| 21:43 | Build | Palisade Wall |
| 21:44 | Build | Palisade Wall |
| 21:50 | Age | Castle Age |
| 21:58 | Research | Crossbowman (upgrade) |
| 22:22 | Queue | Villager (Male) |
| 22:24 | Queue | Archer |
| 22:54 | Research | Bodkin Arrow |
| 22:57 | Build | Farm |
| 22:58 | Build | Farm |
| 23:17 | Build | Palisade Wall |
| 23:17 | Build | Palisade Wall |
| 23:18 | Build | Palisade Wall |
| 23:28 | Queue | Villager (Male) |
| 23:31 | Build | Farm |
| 23:45 | Queue | Villager (Male) |
| 23:59 | Build | Castle |
| 24:05 | Queue | Archer |
| 24:06 | Queue | Spearman |
| 24:22 | Queue | Villager (Male) |
| 24:23 | Queue | Archer |
| 24:34 | Queue | Villager (Male) |
| 24:49 | Queue | Archer |
| 25:00 | Queue | Archer |
| 25:02 | Queue | Villager (Male) |
| 25:03 | Build | Farm |
| 25:17 | Queue | Janissary |
| 25:49 | Queue | Villager (Male) |
| 26:10 | Build | Mining Camp |
| 26:11 | Queue | Janissary |
| 26:24 | Build | Farm |
Build order — gummi [Coleman]
First 150 of 154 actions detected
| 0:00 | Queue | Villager (Male) |
| 0:00 | Queue | Villager (Male) |
| 0:01 | Queue | Villager (Male) |
| 0:02 | Build | House |
| 0:02 | Build | House |
| 0:19 | Queue | Villager (Male) |
| 1:30 | Queue | Villager (Male) |
| 2:04 | Queue | Villager (Male) |
| 2:16 | Build | Lumber Camp |
| 2:24 | Queue | Villager (Male) |
| 2:45 | Queue | Villager (Male) |
| 3:08 | Build | House |
| 3:09 | Build | House |
| 3:25 | Queue | Villager (Male) |
| 3:41 | Queue | Villager (Male) |
| 3:47 | Queue | Villager (Male) |
| 4:01 | Build | Palisade Wall |
| 4:14 | Queue | Villager (Male) |
| 4:24 | Queue | Villager (Male) |
| 4:41 | Build | Palisade Wall |
| 4:45 | Build | Palisade Wall |
| 5:03 | Build | Palisade Wall |
| 5:11 | Build | Mill |
| 5:22 | Queue | Villager (Male) |
| 5:49 | Queue | Villager (Male) |
| 6:23 | Queue | Villager (Male) |
| 6:29 | Build | Palisade Wall |
| 6:44 | Queue | Villager (Male) |
| 6:56 | Queue | Villager (Male) |
| 7:12 | Queue | Villager (Male) |
| 7:13 | Research | Loom |
| 7:16 | Build | Mining Camp |
| 7:31 | Build | Palisade Wall |
| 7:48 | Research | Feudal Age |
| 9:06 | Build | Palisade Wall |
| 9:08 | Build | Palisade Wall |
| 10:08 | Build | Farm |
| 10:10 | Build | Farm |
| 10:12 | Build | Farm |
| 10:23 | Queue | Villager (Male) |
| 10:24 | Queue | Villager (Male) |
| 10:38 | Age | Feudal Age |
| 11:03 | Build | Market |
| 11:38 | Build | Watch Tower |
| 11:59 | Research | Castle Age |
| 12:48 | Build | Farm |
| 12:58 | Research | Double-Bit Axe |
| 13:09 | Build | House |
| 13:37 | Build | Barracks |
| 13:54 | Build | Farm |
| 14:01 | Build | Watch Tower |
| 14:39 | Age | Castle Age |
| 14:53 | Build | Stable |
| 15:09 | Queue | Villager (Male) |
| 15:41 | Build | Palisade Wall |
| 15:45 | Queue | Knight |
| 15:46 | Queue | Knight |
| 15:46 | Queue | Villager (Male) |
| 15:52 | Build | Farm |
| 16:37 | Build | Lumber Camp |
| 16:38 | Queue | Villager (Male) |
| 17:08 | Queue | Scout Cavalry |
| 17:15 | Queue | Knight |
| 17:21 | Queue | Knight |
| 17:21 | Queue | Villager (Male) |
| 17:41 | Queue | Villager (Male) |
| 17:53 | Build | Palisade Wall |
| 17:55 | Build | Palisade Wall |
| 17:56 | Queue | Villager (Male) |
| 18:10 | Build | House |
| 18:12 | Build | House |
| 18:28 | Queue | Villager (Male) |
| 19:12 | Queue | Villager (Male) |
| 19:27 | Queue | Villager (Male) |
| 19:45 | Build | Palisade Wall |
| 20:00 | Build | Town Center |
| 20:17 | Queue | Villager (Male) |
| 20:33 | Build | Farm |
| 20:39 | Queue | Villager (Male) |
| 21:11 | Queue | Villager (Male) |
| 21:19 | Build | Farm |
| 21:36 | Queue | Villager (Male) |
| 22:01 | Queue | Knight |
| 22:07 | Queue | Villager (Male) |
| 22:09 | Build | Farm |
| 22:11 | Build | Farm |
| 22:13 | Research | Horse Collar |
| 22:23 | Queue | Villager (Male) |
| 22:29 | Queue | Villager (Male) |
| 22:44 | Queue | Villager (Male) |
| 22:53 | Build | Monastery |
| 22:57 | Queue | Villager (Male) |
| 23:19 | Build | Siege Workshop |
| 23:22 | Queue | Knight |
| 23:22 | Queue | Knight |
| 23:44 | Build | Farm |
| 23:47 | Queue | Monk |
| 23:48 | Queue | Monk |
| 23:48 | Queue | Villager (Male) |
| 24:04 | Queue | Mangonel |
| 24:06 | Build | Farm |
| 24:08 | Build | Farm |
| 24:24 | Queue | Knight |
| 24:27 | Build | Blacksmith |
| 24:57 | Queue | Villager (Male) |
| 25:13 | Queue | Villager (Male) |
| 25:20 | Queue | Villager (Male) |
| 25:26 | Queue | Monk |
| 25:26 | Queue | Monk |
| 25:28 | Build | House |
| 25:33 | Queue | Villager (Male) |
| 25:45 | Queue | Villager (Male) |
| 25:58 | Queue | Villager (Male) |
| 26:27 | Queue | Scorpion |
| 26:27 | Queue | Scorpion |
| 26:27 | Queue | Villager (Male) |
| 26:34 | Build | Farm |
| 26:49 | Build | Farm |
| 26:55 | Build | Lumber Camp |
| 27:15 | Queue | Villager (Male) |
| 27:25 | Queue | Villager (Male) |
| 27:29 | Queue | Scorpion |
| 27:29 | Queue | Scorpion |
| 27:53 | Research | Wheelbarrow |
| 27:54 | Queue | Villager (Male) |
| 27:57 | Build | House |
| 28:04 | Build | House |
| 28:13 | Queue | Knight |
| 28:25 | Build | House |
| 28:31 | Build | House |
| 29:14 | Queue | Villager (Male) |
| 29:51 | Queue | Villager (Male) |
| 30:01 | Queue | Scorpion |
| 30:40 | Queue | Scorpion |
| 30:48 | Build | Lumber Camp |
| 30:53 | Queue | Villager (Male) |
| 30:56 | Queue | Villager (Male) |
| 31:10 | Queue | Scorpion |
| 31:10 | Queue | Scorpion |
| 31:25 | Queue | Villager (Male) |
| 31:37 | Queue | Villager (Male) |
| 32:00 | Build | Farm |
| 32:02 | Build | Farm |
| 32:02 | Build | Farm |
| 32:22 | Queue | Villager (Male) |
| 32:30 | Queue | Knight |
| 33:02 | Queue | Villager (Male) |
| 33:18 | Queue | Villager (Male) |
| 33:30 | Build | Mining Camp |
| 33:53 | Queue | Mangonel |
Match timeline
| 4:01 | gummi [Coleman] · wall_segment Palisade Wall x4 |
| 4:41 | gummi [Coleman] · wall_segment Palisade Wall x1 |
| 4:45 | gummi [Coleman] · wall_segment Palisade Wall x1 |
| 4:59 | _DaViCy_ · first_building Barracks |
| 5:03 | gummi [Coleman] · wall_segment Palisade Wall x5 |
| 6:29 | gummi [Coleman] · wall_segment Palisade Wall x12 |
| 7:31 | gummi [Coleman] · wall_segment Palisade Wall x1 |
| 8:53 | _DaViCy_ · age_up feudal |
| 9:06 | gummi [Coleman] · wall_segment Palisade Wall x1 |
| 9:08 | gummi [Coleman] · wall_segment Palisade Wall x1 |
| 9:13 | _DaViCy_ · first_building Archery Range |
| 10:38 | gummi [Coleman] · age_up feudal |
| 13:37 | gummi [Coleman] · first_building Barracks |
| 13:57 | gummi [Coleman] · first_market_buy 100 stone |
| 14:39 | gummi [Coleman] · age_up castle |
| 14:53 | gummi [Coleman] · first_building Stable |
| 15:41 | gummi [Coleman] · wall_segment Palisade Wall x1 |
| 17:53 | gummi [Coleman] · wall_segment Palisade Wall x5 |
| 17:55 | gummi [Coleman] · wall_segment Palisade Wall x1 |
| 19:45 | gummi [Coleman] · wall_segment Palisade Wall x1 |
| 20:20 | _DaViCy_ · wall_segment Palisade Wall x1 |
| 20:33 | _DaViCy_ · wall_segment Palisade Wall x1 |
| 21:43 | _DaViCy_ · wall_segment Palisade Wall x1 |
| 21:44 | _DaViCy_ · wall_segment Palisade Wall x1 |
| 21:50 | _DaViCy_ · age_up castle |
| 22:53 | gummi [Coleman] · first_building Monastery |
| 23:17 | _DaViCy_ · wall_segment Palisade Wall x1 |
| 23:17 | _DaViCy_ · wall_segment Palisade Wall x1 |
| 23:18 | _DaViCy_ · wall_segment Palisade Wall x1 |
| 23:19 | gummi [Coleman] · first_building Siege Workshop |
| 23:59 | _DaViCy_ · first_building Castle |
| 28:48 | _DaViCy_ · first_market_buy 100 stone |
| 34:17 | gummi [Coleman] · resign |
[ AI ANALYSIS · 1 CREDIT ]
What really happened in this match?
Wolo.gg analyzes every decision: build order, eco, micro, common mistakes by bracket. Personalized analysis on WhatsApp or Discord in 30 seconds.
Civ guide
Turks
Perfil
Jugador #425762